 Dungeon Crawl Stone Soup version 0.29.1-4-g47bece8355 (webtiles) character file.

Game seed: 17344483417414959813

669 ChadusMaximus the Magician (level 7, 0/32 HPs)
             Began as a Deep Elf Conjurer on Dec 4, 2022.
             Was a Follower of Hepliaklqana.
             Killed from afar by an orc wizard (7 damage)
             ... with a magic dart
             ... on level 4 of the Dungeon.
             The game lasted 00:13:32 (4849 turns).

ChadusMaximus the Magician (Deep Elf Conjurer)      Turns: 4849, Time: 00:13:33

Health: 0/32       AC:  4    Str:  1 (4)  XL:     7   Next: 32%
Magic:  13/20      EV: 10    Int: 24 (25) God:    Hepliaklqana [*.....]
Gold:   197        SH:  0    Dex: 10 (13) Spells: 11/21 levels left

rFire   . . .      SeeInvis .   i - +0 long sword (elec)
rCold   . . .      Faith    .   (no shield)
rNeg    . . .      Spirit   .   t - +0 leather armour
rPois   .          Reflect  .   v - +0 hat
rElec   .          Harm     .   (no cloak)
rCorr   .          Rampage  .   (no gloves)
Will    .....                   f - +0 pair of boots
Stlth   ++........              (no amulet)
HPRegen 0.10/turn               (no ring)
MPRegen 0.17/turn               (no ring)

@: no status effects
A: reduced essence
a: Renounce Religion, Recall Ancestor, Ancestor Identity


You were on level 4 of the Dungeon.
You worshipped Hepliaklqana.
Hepliaklqana was aware of your devotion.
You visited 2 branches of the dungeon, and saw 5 of its levels.

You collected 197 gold pieces.

Inventory:

Hand Weapons
 h - a +0 club
 i - a +0 long sword of electrocution (weapon)
Armour
 a - a +0 robe
 d - a +0 buckler
 e - a +0 ring mail
 f - a +0 pair of boots (worn)
 p - a +0 helmet
 t - a +0 leather armour (worn)
 v - a +0 hat (worn)
Scrolls
 g - a scroll of enchant weapon {unknown}
 j - 2 scrolls of noise {unknown}
 k - 2 scrolls of poison {unknown}
 n - a scroll of immolation {unknown}
 q - 2 scrolls of teleportation {unknown}
 r - a scroll of butterflies {unknown}
 s - a scroll of identify {unknown}
Potions
 b - a potion of magic
 c - a potion of brilliance {unknown}
 l - a potion of attraction {unknown}
 m - 2 potions of might {unknown}
 o - 3 potions of curing {unknown}
 u - a potion of experience {unknown}


   Skills:
 - Level 2.7 Dodging
 - Level 2.7 Stealth
 + Level 7.9 Spellcasting
 + Level 7.5 Conjurations


You had 11 spell levels left.
You knew the following spells:

 Your Spells              Type           Power      Damage    Failure   Level
a - Magic Dart            Conj           100%       1d8       1%          1
b - Searing Ray           Conj           90%        2d7       1%          2
c - Iskenderun's Mystic   Conj/Tloc      27%        2d7       36%         4
d - Dazzling Flash        Conj/Hex       54%        N/A       12%         3

Your spell library contained the following spells:

 Spells                   Type           Power      Damage    Failure   Level
 Poisonous Vapours        Pois/Air       18%        N/A       28%         2
 Fulminant Prism          Conj/Hex       13%        3d9       36%         4
 Irradiate                Conj/Tmut      13%        3d16      71%         5
 Lightning Bolt           Conj/Air       13%        1d27      71%         5
 Freezing Cloud           Conj/Ice/Air   10%        6-21      87%         5
 Animate Armour           Summ/Erth      18%        N/A       88%         4
 Summon Lightning Spire   Summ/Air       9%         N/A       88%         4
 Blade Hands              Tmut           4%         N/A       99%         5
 Lee's Rapid Deconstruct  Erth           4%         3d6*      99%         5
 Summon Cactus Giant      Summ           4%         N/A       100%        6
 Dragon Form              Tmut           4%         N/A       100%        7


Dungeon Overview and Level Annotations

Branches:
Dungeon (4/15)             Temple (1/1) D:4

Altars:
Ashenzari
Cheibriados
Elyvilon
Gozag
Hepliaklqana
Kikubaaqudgha
Makhleb
Okawaru
Qazlal
Ru
Trog
Vehumet
Wu Jian
Xom
Yredelemnul

Shops:
D:2 (


Message History

The orc wizard is heavily wounded.
The orc priest calls down the wrath of Beogh upon you.
Beogh smites you!
* * * LOW HITPOINT WARNING * * *
Ealdgyð completely misses the orc wizard.
The orc wizard gestures at you while chanting.
Ealdgyð resists with significant effort.
Ealdgyð hits the orc wizard.
Casting: Magic Dart (safe; 1% risk of failure)
Confirm with . or Enter, or press ? or * to list all spells.
Aiming: Magic Dart (safe; 1% risk of failure)
Press: ? - help, Shift-Dir - straight line, f - orc wizard, p - orc wizard
Aim: an orc wizard, wielding a +0 dagger and wearing a +0 robe (100% to hit)
The magic dart hits the orc wizard.
The orc wizard is moderately wounded.
The orc wizard points at Ealdgyð and mumbles some strange words.
The puff of flame misses Ealdgyð.
The puff of flame hits you but does no damage.
Ealdgyð closely misses the orc wizard.
Casting: Magic Dart (safe; 1% risk of failure)
Confirm with . or Enter, or press ? or * to list all spells.
Aiming: Searing Ray (safe; 1% risk of failure)
Press: ? - help, Shift-Dir - straight line, f/p - orc wizard
Aim: an orc wizard, wielding a +0 dagger and wearing a +0 robe (moderately wounded, 77% to hit)
The searing ray misses the orc wizard. (Press . to maintain the ray.)
An orc comes into view. It is wielding a +0 short sword.
The orc wizard hits Ealdgyð with a +0 dagger.
Ealdgyð barely misses the orc wizard.
Casting: Searing Ray (safe; 1% risk of failure)
Confirm with . or Enter, or press ? or * to list all spells.
Restarting spell: Searing Ray (safe; 1% risk of failure)
Press: ? - help, Shift-Dir - straight line, f/p - orc wizard
Aim: an orc wizard, wielding a +0 dagger and wearing a +0 robe (moderately wounded, 77% to hit)
The searing ray hits the orc wizard.
The orc wizard is severely wounded. (Press . to maintain the ray.)
The orc wizard gestures at you while chanting.
The magic dart hits you!
You die...

############ #..........######
#.........oo.....
##########......@...Ro....
#........#.#...####....o..
#......#.8.#.### .......
#...........<# #######
#......8.>.8## ######
#............# #....#
#......#.8.#.# #....####
#........###.######## #....#...
#.......)#..........#####....#...


You could see the friendly Ealdgyð the ancestor, an orc priest, 2 orc wizards
and an orc.

Vanquished Creatures
  Eustachio (D:4)
  An ogre (D:4)
  2 scorpions (D:4)
  A jelly (D:4)
  Jessica (D:3)
  Natasha (thrice) (D:3)
  An iguana (D:4)
  A gnoll (D:1)
  8 adders
  2 worms (D:2)
  2 dart slugs
  An orc (D:3)
  6 ball pythons
  4 bats
  7 endoplasms
  6 giant cockroaches
  9 goblins
  10 hobgoblins
  2 jackals (D:2)
  A quokka (D:4)
  5 frilled lizards
  12 kobolds
  2 rats
88 creatures vanquished.

Notes
Turn   | Place    | Note
-------+----------+-------------------------------------------
     0 | D:1      | ChadusMaximus the Deep Elf Conjurer began the quest for the
                  | Orb.
     0 | D:1      | Reached XP level 1. HP: 10/10 MP: 6/6
   216 | D:1      | Reached XP level 2. HP: 15/15 MP: 0/8
   601 | D:1      | Reached XP level 3. HP: 19/19 MP: 8/10
   608 | D:1      | Got the Precepts of Feathers
  1103 | D:1      | Learned a level 2 spell: Searing Ray
  1168 | D:2      | Reached skill level 5 in Conjurations
  1822 | D:2      | Found Fojikha's Weapon Shop.
  1829 | D:2      | Reached XP level 4. HP: 24/24 MP: 6/12
  2098 | D:3      | Found an ancient bone altar of Kikubaaqudgha.
  2102 | D:3      | Found a stormy altar of Qazlal.
  2457 | D:3      | You fall into a shaft and drop 1 floor!
  2525 | D:4      | Found a staircase to the Ecumenical Temple.
  2537 | Temple   | Entered the Ecumenical Temple
  2647 | Temple   | Became a worshipper of Hepliaklqana the Forgotten
  2929 | D:3      | Reached skill level 5 in Spellcasting
  3022 | D:3      | Noticed Natasha
  3027 | D:3      | Killed Natasha
  3028 | D:3      | Reached XP level 5. HP: 28/28 MP: 6/14
  3354 | D:3      | Noticed Natasha
  3357 | D:3      | Killed Natasha
  3477 | D:3      | Noticed Jessica
  3481 | D:3      | Killed Jessica
  3861 | D:3      | Noticed Natasha
  3866 | D:3      | Killed Natasha
  3978 | D:3      | Learned a level 4 spell: Iskenderun's Mystic Blast
  3982 | D:3      | Learned a level 3 spell: Dazzling Flash
  3996 | D:4      | Reached XP level 6. HP: 32/32 MP: 10/17
  4149 | D:4      | Noticed Eustachio
  4166 | D:4      | Killed Eustachio
  4291 | D:4      | Reached XP level 7. HP: 36/36 MP: 12/19
  4559 | D:4      | Got Cuumax's Tome of Stony Creation
  4735 | D:4      | Reached * piety under Hepliaklqana
  4849 | D:4      | Killed from afar by an orc wizard

Illustrated notes

Levels and vault maps discovered:
D:1:      reono_arrival_forest_river, layout_basic
D:2:      layout_loops_ring, serial_shops, nicolae_shop_bloodbath_and_beyond
D:3:      minmay_recursive_quarters, layout_basic, minitemple, minivault_25,
          uniq_jessica, uniq_natasha
D:4:      layout_basic, minmay_temple_entry_statues_pillars,
          minmay_misc_feat_chi, uniq_eustachio
Temple:   nicolae_temple_bog_church

Skill      XL: |  1  2  3  4  5  6 |
---------------+-------------------+-----
Spellcasting   | 4 5 6 7 |  7.9
Conjurations   | 5 6 7 |  7.5
Dodging        | |  2.7
Stealth        | |  2.7

Action                   |  1- 3 |  4- 6 |  7- 9 || total
-------------------------+-------+-------+-------++-------
Melee: Long sword        |     5 |     2 |       ||     7
 Cast: Magic Dart        |    87 |    78 |    16 ||   181
       Searing Ray       |       |    20 |     6 ||    26
Invok: Ancestor Identity |       |       |     1 ||     1
  Use: Potion            |       |       |     1 ||     1
Armor: Robe              |     9 |     3 |       ||    12
       Leather armour    |       |       |     1 ||     1
Dodge: Dodged            |    13 |    16 |     1 ||    30
